 Dungeon Crawl Stone Soup version 0.28-a0-1415-g7c84da036a (webtiles) character file.

Game seed: 6631281225641496257

152 pokeman the Magician (level 5, -3/29 HPs)
             Began as a Deep Elf Hedge Wizard on Jan 7, 2022.
             Killed by divine providence
             ... invoked by an orc priest
              (12 damage)
             ... on level 3 of the Dungeon.
             The game lasted 00:04:11 (3102 turns).

pokeman the Magician (Deep Elf Hedge Wizard)        Turns: 3102, Time: 00:04:11

Health: -3/29      AC:  6    Str:  7    XL:     5   Next: 11%
Magic:  9/15       EV: 12    Int: 27    God:
Gold:   84         SH:  0    Dex: 14    Spells: 5/16 levels left

rFire   + . .      SeeInvis .   i - +1 dagger (venom)
rCold   x . .      Faith    .   (no shield)
rNeg    . . .      Spirit   .   p - +2 leather armour {rPois}
rPois   +          Reflect  .   c - +0 hat
rElec   .          Harm     .   n - +0 cloak {Will+}
rCorr   .          Rampage  .   (no gloves)
Will    +....                   (no boots)
Stlth   ++........              (no amulet)
HPRegen 0.09/turn               e - ring of fire
MPRegen 0.14/turn               r - +6 ring of intelligence

@: very slightly contaminated
A: no striking features
a: no special abilities


You were on level 3 of the Dungeon.
You visited 1 branch of the dungeon, and saw 3 of its levels.

You collected 84 gold pieces.

Inventory:

Hand Weapons
 i - a +1 dagger of venom (weapon)
 m - a +4 quarterstaff of chaos
Missiles
 d - 31 arrows
Armour
 c - a +0 hat (worn)
 n - a +0 cloak of willpower (worn)
 p - a +2 leather armour of poison resistance (worn)
Jewellery
 e - a ring of fire (left hand)
 o - a ring of fire
 r - a +6 ring of intelligence (right hand)
Wands
 l - a wand of flame (20)
Scrolls
 b - 3 scrolls of blinking {unknown}
 g - 2 scrolls of teleportation {unknown}
 j - 2 scrolls of vulnerability {unknown}
 k - 2 scrolls of identify {unknown}
Potions
 a - 2 potions of degeneration {unknown}
 f - a potion of cancellation {unknown}
 h - a potion of resistance {unknown}
 q - a potion of brilliance {unknown}


   Skills:
 - Level 1.0 Fighting
 - Level 1.0 Armour
 - Level 3.0 Dodging
 + Level 2.4 Stealth
 * Level 6.1 Spellcasting
 + Level 2.6 Conjurations
 - Level 1.1 Summonings
 - Level 1.1 Translocations
 - Level 1.1 Fire Magic
 + Level 0.1 Air Magic


You had 5 spell levels left.
You knew the following spells:

 Your Spells              Type           Power      Damage    Failure   Level
a - Magic Dart            Conj           88%        1d7       3%          1
b - Mephitic Cloud        Conj/Pois/Air  13%        N/A       19%         3
c - Call Imp              Summ           14%        N/A       9%          2
d - Blink                 Tloc           28%        N/A       9%          2
e - Conjure Flame         Conj/Fire      27%        6-21      13%         3

Your spell library contained the following spells:

 Spells                   Type           Power      Damage    Failure   Level
 Slow                     Hex            32%        N/A       10%         1


Dungeon Overview and Level Annotations

Branches:
Dungeon (3/15)

Altars:


Message History

You kill the dart slug!
You see here a dart slug corpse. 2 orc priests come into view.
The orc priest shouts! x2; You hear a shout!
The orc priest mumbles some strange prayers to Beogh against you.
Beogh smites you!
The orc priest moves out of view.
You hear a shout!
You see here a dart slug corpse.
You start resting.
An orc priest is nearby!
Casting: Magic Dart (safe; 3% risk of failure)
Confirm with . or Enter, or press ? or * to list all spells.
The spell is quite dangerous to miscast (19% risk of failure)!
Continue anyway?
Aiming: Mephitic Cloud (quite dangerous; 19% risk of failure)
Press: ? - help, Shift-Dir - straight line, f - orc priest
Aim: an orc priest, wielding a +0 hand axe (chance to affect: 86%)
You miscast Mephitic Cloud.
You are very lightly contaminated with residual magic.
Nothing appears to happen.
Unknown command.
Casting: Mephitic Cloud (quite dangerous; 19% risk of failure)
Confirm with . or Enter, or press ? or * to list all spells.
The spell is quite dangerous to miscast (19% risk of failure)!
Continue anyway?
Aiming: Mephitic Cloud (quite dangerous; 19% risk of failure)
Press: ? - help, Shift-Dir - straight line, f/p - orc priest
Aim: an orc priest, wielding a +0 hand axe (chance to affect: 86%)
The ball explodes into a vile cloud!
The stinking cloud engulfs the orc priest but does no damage.
The stinking cloud engulfs you but does no damage.
You hear a shout!
You hit the orc priest but do no damage.
The orc priest is poisoned.
The orc priest is engulfed in noxious fumes.
The orc priest calls down the wrath of Beogh upon you.
Beogh smites you!
You closely miss the orc priest.
The orc priest looks encouraged for a moment.
The orc priest mumbles some strange prayers to Beogh against you.
Beogh smites you!
You die...

.#.#.#.#.###.######.####.########
..........##.######.# #.#
.#.#.#.#.#.....)....# #.#
...........#############.#
.#.#.#.#.####............#
..........# #.############
.#.#.#.#.## #.# ........>.#
#.###### .#.#.#.#.## #...@o.#
########## ######o# #†# #.# #.#
#.# #.# ..# ...#


You could see 2 orc priests.

Vanquished Creatures
  Crazy Yiuf (D:2)
  Jessica (D:2)
  A hound skeleton (D:3)
  2 adders
  A dart slug (D:3)
  5 orcs (D:3)
  A ball python (D:1)
  3 bats
  8 endoplasms (D:1)
  2 giant cockroaches (D:1)
  4 goblins (D:1)
  4 hobgoblins
  3 jackals (D:2)
  6 kobolds
  4 quokkas
  2 frilled lizards
  6 rats
54 creatures vanquished.

Notes
Turn   | Place    | Note
-------+----------+-------------------------------------------
     0 | D:1      | pokeman the Deep Elf Hedge Wizard began the quest for the
                  | Orb.
     0 | D:1      | Reached XP level 1. HP: 10/10 MP: 7/7
   292 | D:1      | Reached XP level 2. HP: 16/16 MP: 6/9
   737 | D:1      | Reached skill level 5 in Spellcasting
  1156 | D:1      | Reached XP level 3. HP: 20/20 MP: 5/11
  1160 | D:1      | Learned a level 3 spell: Mephitic Cloud
  1163 | D:1      | Learned a level 2 spell: Call Imp
  1166 | D:1      | Learned a level 2 spell: Blink
  1170 | D:1      | Learned a level 3 spell: Conjure Flame
  1727 | D:2      | Reached skill level 1 in Armour
  1896 | D:2      | Reached skill level 1 in Fighting
  2182 | D:2      | Noticed Jessica
  2190 | D:2      | Killed Jessica
  2191 | D:2      | Reached XP level 4. HP: 25/25 MP: 6/13
  2396 | D:2      | Found a runed translucent door.
  2397 | D:2      | Noticed Crazy Yiuf
  2414 | D:2      | Killed Crazy Yiuf
  2415 | D:2      | Reached skill level 1 in Fire Magic
  2713 | D:3      | Reached skill level 6 in Spellcasting
  2713 | D:3      | Reached XP level 5. HP: 29/29 MP: 7/15
  3102 | D:3      | Killed from afar by an orc priest

Illustrated notes

Levels and vault maps discovered:
D:1:      dpeg_arrival_rooms_c, layout_basic, minmay_misc_feat_rugged,
          minmay_tromino_v4_c
D:2:      layout_loops_ring, kennysheep_jessica_study, uniq_crazy_yiuf_cottage
D:3:      layout_basic, st_stairs_10, chequers_serial_rivers_micro_b

Skill      XL: |  1  2  3  4  5 |
---------------+----------------+-----
Spellcasting   | 5 6 |  6.1
Armour         | 1 |  1.0
Fighting       | 1 |  1.0
Conjurations   | 2 |  2.6
Fire Magic     | 1 |  1.1
Dodging        | 3 |  3.0
Stealth        | |  2.4
Summonings     | |  1.1
Translocations | |  1.1
Air Magic      | |  0.1

Action                   |  1- 3 |  4- 6 || total
-------------------------+-------+-------++-------
Melee: Dagger            |     2 |    17 ||    19
       Falchion          |     8 |       ||     8
 Cast: Magic Dart        |   111 |    29 ||   140
       Call Imp          |     2 |     1 ||     3
       Mephitic Cloud    |       |     2 ||     2
       Conjure Flame     |       |     1 ||     1
 Stab: Sleeping          |       |     1 ||     1
Armor: Robe              |     8 |     1 ||     9
       Leather armour    |       |     4 ||     4
Dodge: Dodged            |    28 |     9 ||    37

Table legend: (Time is in decaauts)
 A = Elapsed time spent in this place.
 B = Non-inter-level travel time spent in this place.
 C = Inter-level travel time spent in this place.
 D = Time resting spent in this place.
 E = Time spent auto-exploring this place.
 F = Levels seen in this place.
 G = Mean time per level.
                   A        B        C        D        E       F      G
               +--------+--------+--------+--------+--------+-----+--------+
         Total |   3102 |   2986 |    116 |    137 |   2479 |   3 | 1034.0 |
       Dungeon |   3102 |   2986 |    116 |    137 |   2479 |   3 | 1034.0 |
               +--------+--------+--------+--------+--------+-----+--------+

Top non-repeatable levels by time:
     D:1: 1474 daAuts
     D:2: 1022 daAuts
     D:3: 605 daAuts
